cohdb
Replays
Latest Replays
All Replays
Popular Replays
Top Player Replays
Match Explorer
How It Works
Community
CoH3 Stats
Reddit
Sign in to upload your games and track your stats! →
Sign in with Steam
Match 28340316
Unlisted
Match 28340316
Overview
Messages
Build Orders
End
Construct Barracks
Riflemen Squad
Selects Advanced Infantry Battlegroup
Riflemen Squad
Construct Weapon Support Center
Engineer Squad
Grenade Package
Selects Artillery Observers
Riflemen Squad
.30 cal Machine Gun
Selects Convert to Ranger Squad
Convert to Ranger Squad
Bazooka Squad
Mechanized Support Center
.30 cal Machine Gun
M1919 Machine Gun Team
Riflemen Squad
Selects Designate Assault Position
Construct Tank Depot
Artillery Observer Squad
.30 cal Machine Gun
Improved M9 Bazooka Rockets
Selects Infantry Assault
M4A1 Sherman Medium Tank
Rearm and Retrofit
Selects M2A1 105mm Howitzer Emplacement
Infantry Assault
Improvised Armor
M4A1 Sherman Medium Tank
Selects 155mm Rapid Artillery Barrage
Riflemen Squad
M4A1 Sherman Medium Tank
M4A1 76mm Conversion
M4A1(76) Sherman Medium Tank
Infantry Assault
sss
小人物
iAinEng
Akaxiya
Do_a_Flip
天下第一高手弗利萨
ganxuezhao1
z-5
0
0
Comments
sign in to comment!
No comments posted yet!